 Dungeon Crawl Stone Soup version 0.30-a0-368-g86fb4627a9 (webtiles) character file.

Game seed: 12005912478753433162

60 hikkokomori the Grasshopper (level 3, -1/28 HPs)
             Began as an Armataur Warper on Nov 19, 2022.
             Slain by a rat (3 damage)
             ... on level 2 of the Dungeon.
             The game lasted 00:02:47 (1315 turns).

hikkokomori the Grasshopper (Armataur Warper)       Turns: 1315, Time: 00:02:47

Health: -1/28      AC:  7    Str: 18    XL:     3   Next: 82%
Magic:  6/6        EV:  5    Int: 13    God:
Gold:   80         SH:  0    Dex:  9    Spells: 6/6 levels left

rFire   . . .      SeeInvis .    a - +0 mace
rCold   . . .      Faith    .    (no shield)
rNeg    . . .      Spirit   .    m - +0 chain mail
rPois   .          Reflect  .    (no helmet)
rElec   .          Harm     .    (no cloak)
rCorr   .          Roll     +    (no gloves)
Will    .....                    (no barding)
Stlth   ..........               (no amulet)
HPRegen 0.24/turn                (no ring)
MPRegen 0.10/turn                (no ring)

@: no status effects
A: large, rugged brown scales 3, deformed body, armoured tail, roll, long
tongue, awkward tongue, frail 1
a: no special abilities


You were on level 2 of the Dungeon.
You visited 1 branch of the dungeon, and saw 2 of its levels.

You collected 80 gold pieces.

Inventory:

Hand Weapons
 a - a +0 mace (weapon)
Missiles
 d - 7 boomerangs of dispersal (quivered)
 j - 4 boomerangs
Armour
 b - a +0 leather armour
 f - a +0 pair of boots
 m - a +0 chain mail (worn)
Jewellery
 i - a ring of flight
Scrolls
 c - a scroll of blinking
 e - a scroll of amnesia {unknown}
 g - a scroll of vulnerability {unknown}
 h - 3 scrolls of poison {unknown}
 n - a scroll of summoning {unknown}
 o - a scroll of magic mapping {unknown}
 p - a scroll of identify {unknown}
Potions
 k - a potion of mutation
 l - a potion of curing {unknown}


   Skills:
 + Level 2.1 Fighting
 + Level 2.2 Maces & Flails
 + Level 1.4 Throwing
 + Level 1.9 Armour
 + Level 1.7 Dodging
 + Level 2.1 Spellcasting
 + Level 3.3 Translocations


You had 6 spell levels left.
You didn't know any spells.
Your spell library contained the following spells:

 Spells                   Type           Power      Damage    Failure   Level
 Blink                    Tloc           20%        N/A       80%         2
 Lesser Beckoning         Tloc           20%        N/A       95%         3
 Teleport Other           Tloc           10%        N/A       95%         3
 Vhi's Electric Charge    Tloc/Air       10%        N/A       99%         3
 Manifold Assault         Tloc           10%        N/A       100%        4


Dungeon Overview and Level Annotations

Branches:
Dungeon (2/15)

Altars:

Shops:
D:2 (:


Innate Abilities, Weirdness & Mutations

You are completely covered in rugged brown scales. (AC +3, +7% HP)
Armour fits poorly on your strangely shaped body.
You have a long armoured tail.
You roll when moving toward enemies. (Rampage)
Your long tongue fully drains potion bottles. (2x potion effects)
Your tongue gives you trouble enunciating. (1.5x scroll delay)
You are frail. (-10% HP)


Message History

Here: a goblin, wielding a +0 club The floor.
The goblin attacks as you move away! The goblin hits you but does no damage.
Found a stone staircase leading down.
You feel sick. The bat hits you but does no damage.
The rat bites you but does no damage.
You feel sick.
You are no longer poisoned.
The rat barely misses you.
You barely miss the goblin.
Your tail-slap misses the goblin.
The bat barely misses you. The goblin hits you but does no damage.
The bat hits you but does no damage. The rat bites you but does no damage.
You thump the goblin!
You kill the goblin!
The bat hits you but does no damage. The rat barely misses you.
You closely miss the bat. The bat hits you but does no damage. x2
The rat bites you but does no damage. The goblin hits you but does no damage.
The bat completely misses you. The goblin hits you but does no damage.
The rat bites you but does no damage.
You closely miss the bat.
Your tail-slap misses the bat.
The bat hits you.
* * * LOW HITPOINT WARNING * * *
The adder bites you.
* * * LOW HITPOINT WARNING * * *
The rat barely misses you. The goblin hits you but does no damage.
The adder attacks as you move away! The adder completely misses you.
The rat attacks as you move away! The rat bites you but does no damage.
The bat attacks as you move away! The bat hits you but does no damage. x2
The rat bites you but does no damage.
You sock the adder!
You kill the adder!
The bat barely misses you. The bat hits you.
* * * LOW HITPOINT WARNING * * *
The rat bites you.
* * * LOW HITPOINT WARNING * * *
The bat barely misses you.
You closely miss the goblin. The bat hits you but does no damage.
The goblin hits you but does no damage. The rat barely misses you.
The goblin hits you with a +0 club.
* * * LOW HITPOINT WARNING * * *
The rat bites you.
You die...

...####...∩.. .# #.
.#.##........... ....
...[.........#..†..
#.#.#.#.#.#........##...#
...........#....###.....
#.#.#.#.#......###.....
...............##.....
#.#.#.#b#.#.......##.....
........@..).............
.#.#.#g#r##......##...8.
.........).......###.....
#.#.#.#.#.#.......##....#
..>.........>..##....)
#.#.#.#.#.......##...8.
#.#......#.....####.... #
?......##...## ###.#
############## #...


You could see a goblin, a bat and a rat.

Vanquished Creatures
  2 adders (D:2)
  3 dart slugs
  An orc (D:2)
  2 bats (D:1)
  4 endoplasms
  3 giant cockroaches
  3 goblins
  3 hobgoblins (D:1)
  2 jackals (D:1)
  A quokka (D:1)
  3 ball pythons (D:1)
  2 frilled lizards
  2 kobolds (D:1)
  2 rats
33 creatures vanquished.

Notes
Turn   | Place    | Note
-------+----------+-------------------------------------------
     0 | D:1      | hikkokomori the Armataur Warper began the quest for the
                  | Orb.
     0 | D:1      | Reached XP level 1. HP: 18/18 MP: 3/3
   155 | D:1      | Reached skill level 1 in Throwing
   220 | D:1      | Reached XP level 2. HP: 25/25 MP: 4/4
   802 | D:1      | Reached XP level 3. HP: 31/31 MP: 6/6
  1051 | D:2      | Found Aloega's Vocational Training.
  1083 | D:2      | Found Catrur's Weapon Shoppe.
  1304 | D:2      | Gained mutation: You are dopey. (Int -2) [potion of
                  | mutation]
  1304 | D:2      | Gained mutation: You are frail. (-10% HP) [potion of
                  | mutation]
  1304 | D:2      | Lost mutation: You are dopey. (Int -2) [potion of mutation]
  1315 | D:2      | Slain by a rat

Illustrated notes

Levels and vault maps discovered:
D:1:      amcnicky_arrival_wind_blow, layout_basic
D:2:      layout_rooms, serial_shops, nicolae_shop_bloodbath_and_beyond,
          minmay_misc_feat_four_crosses, st_stairs_11, nicolae_shop_vocational

Skill      XL: |  1  2 |
---------------+-------+-----
Throwing       | 1 |  1.4
Spellcasting   | 2 |  2.1
Fighting       | 2 |  2.1
Maces & Flails | 2 |  2.2
Armour         | |  1.9
Dodging        | |  1.7
Translocations | |  3.3

Action                   || total
-------------------------++-------
Melee: Mace              ||   101
       Tailslap          ||     8
       Punch             ||     1
  Use: Potion            ||     1
Armor: Leather armour    ||    37
       Chain mail        ||    46
Dodge: Dodged            ||    64

Table legend: (Time is in decaauts)
 A = Elapsed time spent in this place.
 B = Non-inter-level travel time spent in this place.
 C = Inter-level travel time spent in this place.
 D = Time resting spent in this place.
 E = Time spent auto-exploring this place.
 F = Levels seen in this place.
 G = Mean time per level.
                   A        B        C        D        E       F      G
               +--------+--------+--------+--------+--------+-----+--------+
         Total |   1345 |   1319 |     26 |      0 |   1059 |   2 |  672.5 |
       Dungeon |   1345 |   1319 |     26 |      0 |   1059 |   2 |  672.5 |
               +--------+--------+--------+--------+--------+-----+--------+

Top non-repeatable levels by time:
     D:1: 1064 daAuts
     D:2: 280 daAuts
